 Dungeon Crawl Stone Soup version 0.21.1-1-g345015f (webtiles) character file.

2221 Fang the Cleaver (level 9, -2/56 HPs)
             Began as a Gargoyle Berserker on May 18, 2018.
             Was an Elder of Trog.
             Slain by an orc warrior
             ... wielding a +0 battleaxe
              (3 damage)
             ... on level 6 of the Dungeon.
             The game lasted 00:11:25 (6473 turns).

Fang the Cleaver (Gargoyle Berserker)               Turns: 6473, Time: 00:11:25

Health: -2/56      AC: 11    Str: 25    XL:     9   Next: 35%
Magic:  9/9        EV: 14    Int: 12    God:    Trog [****..]
Gold:   221        SH:  0    Dex:  9    Spells: 8/8 levels left

rFire    . . .     SeeInvis .   a - +0 hand axe
rCold    . . .     Gourm    .   (no shield)
rNeg     + . .     Faith    .   b - +1 animal skin
rPois    ∞         Spirit   .   (no helmet)
rElec    +         Reflect  .   (no cloak)
rCorr    .         Harm     .   (no gloves)
MR       .....                  q - +1 pair of boots {Fly}
Stlth    ++........             (no amulet)
HPRegen  0.18/turn              (no ring)
MPRegen  0.11/turn              (no ring)

@: brilliant, berserk cooldown, flying
A: negative energy resistance 1, electricity resistance, unbreathing,
petrification resistance, rot immunity, AC +6
a: Berserk, Trog's Hand, Brothers in Arms, Burn Spellbooks, Renounce Religion,
Stop Flying


You were on level 6 of the Dungeon.
You worshipped Trog.
Trog was greatly pleased with you.
You were hungry.

You visited 1 branch of the dungeon, and saw 6 of its levels.

You collected 221 gold pieces.

Inventory:

Hand Weapons
 a - a +0 hand axe (weapon)
Armour
 b - a +1 animal skin (worn)
 q - a +1 pair of boots of flying (worn)
Scrolls
 d - a scroll of enchant armour
 e - a scroll of blinking
 j - a scroll of acquirement {unknown}
 m - a scroll of remove curse
 p - a scroll of enchant weapon {unknown}
 r - a scroll of immolation
Potions
 f - a potion of degeneration {unknown}
 g - a potion of haste {unknown}
 h - a potion of ambrosia {unknown}
 i - 2 potions of lignification {unknown}
 k - 3 potions of agility
 l - 4 potions of curing
 n - a potion of cancellation
 s - a potion of heal wounds
 t - a potion of flight {unknown}
Comestibles
 c - 2 rations


   Skills:
 + Level 6.7 Fighting
 + Level 8.5 Axes
 + Level 2.2 Armour
 + Level 5.1 Dodging
 + Level 2.7 Stealth


You had 8 spell levels left.
You didn't know any spells.

Dungeon Overview and Level Annotations

Branches:
Dungeon (6/15)             Temple (0/1) D:4

Altars:
Dithmenos

Annotations:
D:6 Grinder


Innate Abilities, Weirdness & Mutations

You are resistant to torment.
Your stone body is resilient. (AC +6)
You are immune to poison.
You resist negative energy. (rN+)
You are resistant to electric shocks. (rElec)
You can survive without breathing.
You are immune to petrification.
You are immune to rotting.


Message History

You hit the orc warrior but do no damage.
The orc warrior is heavily wounded.
The orc warrior hits you with a battleaxe!
* * * LOW HITPOINT WARNING * * *
You hit the orc warrior but do no damage.
The orc warrior is heavily wounded.
The orc warrior hits you with a battleaxe.
* * * LOW HITPOINT WARNING * * *
You hit the orc warrior but do no damage.
The orc warrior is heavily wounded.
You feel yourself speed up.
Grinder blinks!
The orc warrior completely misses you.
You closely miss the orc warrior.
The orc warrior is heavily wounded.
You barely miss the orc warrior.
The orc warrior is heavily wounded.
Grinder says, "At least Makhleb appreciates what I'm doing."
Grinder blinks!
The orc warrior hits you with a battleaxe.
You die...

..........#####.....#
..#............#...##
................### ..
##.#...........<.##
###.##..# #.......###.#
.....#..# #.......###.#
##......# #.......##..####
......#.####.###.........#
........##@[.# #.........#
.........#o### #.........#
.....K)...§# #...<.....#
.....p)§..## ##.........#
.....###§## ##..........#
#... .... ..............#
... ..#.#######.........#
.# ####(. #.........# ###
#.........#


You could see an orc warrior.

Vanquished Creatures
  Pikel (D:6)
  Sigmund (D:5)
  The ghost of Elysium the Spear-Bearer, an amateur MfGl (D:3)
  Duvessa (D:5)
  A black bear (D:5)
  2 slaves
  An ice beast (D:6)
  2 phantoms (D:5)
  Dowan (D:5)
  2 scorpions
  A crimson imp (D:5)
  A hound (D:6)
  3 orc priests
  A gnoll shaman (D:3)
  5 orc wizards
  A bullfrog skeleton (D:6)
  An iguana (D:4)
  Terence (D:2)
  4 worker ants (D:5)
  Natasha (thrice) (D:2)
  A hound skeleton (D:3)
  Robin (D:2)
  6 gnolls
  A howler monkey skeleton (D:4)
  6 adders
  4 adder skeletons
  5 worms
  2 dart slugs
  6 leopard geckos
  13 orcs
  A ball python (D:2)
  12 bats
  5 giant cockroaches
  10 goblins
  11 hobgoblins
  6 jackals
  5 kobolds
  7 quokkas
  5 frilled lizards
  A quokka zombie (D:3)
  7 rats
149 creatures vanquished.

Notes
Turn   | Place    | Note
-------+----------+-------------------------------------------
     0 | D:1      | Fang the Gargoyle Berserker began the quest for the Orb.
     0 | D:1      | Reached XP level 1. HP: 14/14 MP: 1/1
   164 | D:1      | Reached XP level 2. HP: 19/19 MP: 2/2
   175 | D:1      | Reached skill level 3 in Axes
   580 | D:1      | Reached XP level 3. HP: 19/24 MP: 3/3
   937 | D:2      | Reached ** piety under Trog
  1330 | D:2      | Reached XP level 4. HP: 23/29 MP: 4/4
  1331 | D:2      | Noticed Natasha
  1340 | D:2      | Killed Natasha
  1627 | D:2      | Noticed Natasha
  1634 | D:2      | Killed Natasha
  1742 | D:2      | Noticed Robin
  1746 | D:2      | Reached XP level 5. HP: 33/33 MP: 5/5
  1756 | D:2      | Killed Robin
  1776 | D:2      | Reached skill level 4 in Axes
  1855 | D:2      | Noticed Natasha
  1867 | D:2      | Killed Natasha
  1867 | D:2      | Reached skill level 1 in Stealth
  2142 | D:2      | Noticed Terence
  2153 | D:2      | Killed Terence
  2671 | D:3      | Reached XP level 6. HP: 16/39 MP: 6/6
  3007 | D:3      | Reached *** piety under Trog
  3212 | D:3      | Found a shadowy altar of Dithmenos.
  3512 | D:3      | Noticed Elysium's ghost (amateur MfGl)
  3550 | D:3      | Killed Elysium's ghost
  3550 | D:3      | Reached skill level 5 in Axes
  3768 | D:4      | Reached XP level 7. HP: 43/44 MP: 7/7
  3810 | D:4      | Reached skill level 5 in Fighting
  4046 | D:4      | Found a staircase to the Ecumenical Temple.
  4127 | D:4      | HP: 1/44 [iguana (6)]
  4211 | D:4      | Found a sand-covered staircase.
  4624 | D:5      | Entered Level 5 of the Dungeon
  4681 | D:5      | You are sucked into a shaft!
  4701 | D:6      | Reached **** piety under Trog
  4701 | D:6      | Reached skill level 6 in Axes
  4841 | D:6      | Reached XP level 8. HP: 39/50 MP: 8/8
  4889 | D:6      | Noticed Grinder
  4896 | D:6      | Noticed Pikel
  4908 | D:5      | Noticed Duvessa
  4909 | D:5      | Noticed Dowan
  5312 | D:5      | Noticed Sigmund
  5326 | D:5      | Killed Sigmund
  5465 | D:5      | Reached skill level 7 in Axes
  5981 | D:5      | Killed Duvessa
  5981 | D:5      | Reached XP level 9. HP: 55/55 MP: 9/9
  6045 | D:5      | Killed Dowan
  6450 | D:6      | Killed Pikel
  6450 | D:6      | Reached skill level 8 in Axes
  6450 | D:6      | Reached skill level 5 in Dodging
  6470 | D:6      | HP: 1/56 [orc warrior/battleaxe (5)]
  6473 | D:6      | Slain by an orc warrior

Skill      XL: |  1  2  3  4  5  6  7  8  9 |
---------------+----------------------------+-----
Axes           | 3 4 5 6 7 8 |  8.5
Dodging        | 2 3 4 5 |  5.1
Fighting       | 4 5 6 |  6.7
Stealth        | 1 2 |  2.7
Armour         | |  2.2

Action                   |  1- 3 |  4- 6 |  7- 9 || total
-------------------------+-------+-------+-------++-------
Melee: Hand axe          |   100 |   221 |   333 ||   654
Invok: Berserk           |     1 |     5 |     6 ||    12
  Use: Scroll            |       |       |    11 ||    11
       Potion            |       |       |     6 ||     6
 Stab: Sleeping          |       |     1 |       ||     1
  Eat: Chunk             |     2 |    11 |     3 ||    16
       Ration            |       |     1 |     3 ||     4
Armor: Animal skin       |    43 |    82 |   121 ||   246
Dodge: Dodged            |    96 |   131 |   225 ||   452
